 Seeded DCSS version 0.30.1-4-g462c640d31 (webtiles) character file.

Game seed: 6351066067085065685 (custom seed)

3183 Esekla the Thaumaturge (level 9, -4/45 HPs)
             Began as a Deep Elf Necromancer on Sept 3, 2023.
             Was a Believer of Vehumet.
             Slain by an orc knight
             ... wielding a +0 trident
              (37 damage)
             ... in a bailey.
             The game lasted 00:44:08 (6934 turns).

Esekla the Thaumaturge (Deep Elf Necromancer)       Turns: 6934, Time: 00:44:09

Health: -4/45      AC:  5    Str:  5    XL:     9   Next: 64%
Magic:  24/24      EV: 15    Int: 25    God:    Vehumet [**....]
Gold:   449        SH:  0    Dex: 15    Spells: 20/27 levels left

rFire   . . .        c - +4 great sword
rCold   . . .        (shield currently unavailable)
rNeg    . . .        v - +0 robe
rPois   .            j - +0 helmet
rElec   .            F - +0 cloak
rCorr   .            l - +0 pair of gloves
SInv    .            (no boots)
Will    .....        e - amulet of magic regeneration
Stlth   +            (no ring)
HPRegen 0.27/turn    (no ring)
MPRegen 0.59/turn

%: no passive effects
@: confused, ambrosia-drunk
A: no striking features
a: Renounce Religion


You were in a bailey.
You worshipped Vehumet.
Vehumet was pleased with you.
You visited 1 branch of the dungeon, and saw 9 of its levels.
You also visited: Bailey.

You collected 449 gold pieces.

Inventory:

Hand Weapons
 a - a +2 vampiric dagger
 c - a +4 great sword (weapon)
 f - the +2 bardiche of Puhoisos {heavy, rElec Stlth+}
   (You found it in a bailey)

   rElec:     It insulates you from electricity.
   Stlth:     It makes you more stealthy.
 r - a +4 trident of venom
 s - the +5 rapier of the Hero {heavy, rN+ Dex+3}
   (You found it on level 3 of the Dungeon)

   Dex:       It affects your dexterity (+3).
   rN:        It protects you from negative energy.
Missiles
 w - 7 poisoned darts
 K - 2 curare-tipped darts (quivered)
Armour
 j - a +0 helmet (worn)
 l - a +0 pair of gloves (worn)
 v - a +0 robe (worn)
 F - a +0 cloak (worn)
Jewellery
 e - an amulet of magic regeneration (around neck)
Wands
 A - a wand of flame (15)
 G - a wand of mindburst (8)
 I - a wand of roots (7)
Scrolls
 n - a scroll of enchant armour {unknown}
 o - 3 scrolls of enchant weapon {unknown}
 p - a scroll of immolation {unknown}
 t - 2 scrolls of fog
 x - 5 scrolls of blinking {unknown}
 y - a scroll of magic mapping
 B - 2 scrolls of fear
 C - a scroll of silence {unknown}
 E - 2 scrolls of poison
 H - 2 scrolls of teleportation
 J - 3 scrolls of noise {unknown}
Potions
 b - a potion of magic
 d - a potion of ambrosia
 g - 6 potions of attraction {unknown}
 h - 3 potions of haste {unknown}
 i - 6 potions of curing
 k - a potion of mutation
 q - 2 potions of brilliance
 u - 2 potions of heal wounds
 z - a potion of lignification


   Skills:
 * Level 5.1 Short Blades
 + Level 0.4(2.9) Long Blades
 + Level 1.2 Throwing
 * Level 6.1 Dodging
 + Level 5.1 Stealth
 * Level 9.5 Spellcasting
 * Level 9.4 Necromancy
 * Level 3.8 Translocations
 + Level 3.0 Air Magic
 + Level 0.3 Evocations


You had 20 spell levels left.
You knew the following spells:

 Your Spells              Type           Power      Damage    Failure   Level
d - Vampiric Draining     Necr           56%        2d10      1%          3
e - Shock                 Conj/Air       76%        1d7       2%          1
t - Teleport Other        Tloc           31%        N/A       3%          3

Your spell library contained the following spells:

 Spells                   Type           Power      Damage    Failure   Level
 Volatile Blastmotes      Fire/Tloc      42%        2d13      7%          3
 Necrotise                Necr           100%       1d9       1%          1
 Lesser Beckoning         Tloc           62%        N/A       1%          2
 Animate Dead             Necr           56%        N/A       1%          4
 Gell's Gravitas          Tloc           31%        N/A       3%          3
 Agony                    Necr           56%        N/A       3%          5
 Foxfire                  Conj/Fire      44%        2x1d6     5%          1
 Spider Form              Tmut/Pois      11%        N/A       16%         3
 Cause Fear               Hex            5%         N/A       45%         4
 Summon Mana Viper        Hex/Summ       11%        N/A       82%         5


Dungeon Overview and Level Annotations

Branches:
Dungeon (9/15)             Temple (0/1) D:6          Bailey (1/1)
   Lair: D:8-11         Orc: D:9-12

Altars:
Dithmenos
Hepliaklqana
Okawaru
Qazlal
Trog
Vehumet
Zin
The Shining One

Shops:
D:2 =   D:4 (

Annotations:
D:6 Blork the orc, Pikel


Message History

Throw: 5 darts (curare)
Press: ? - help, Q - select action, (/) - cycle Shift-Dir - straight line, f - orc knight
Aim: an orc knight, wielding a +0 glaive and wearing a +0 plate armour (strong, 57% to hit)
You throw a curare-tipped dart.
The curare-tipped dart hits the orc knight.
The orc knight is poisoned.
The orc knight convulses.
The orc knight seems to slow down.
The orc knight is heavily wounded.
Throw: 9 darts (poison)
Press: ? - help, Q - select action, (/) - cycle Shift-Dir - straight line, f/p - orc knight
Aim: an orc knight, wielding a +0 glaive and wearing a +0 plate armour (strong, 57% to hit)
You throw a poisoned dart. The poisoned dart hits the orc knight.
The orc knight is heavily wounded.
Throw: 8 darts (poison)
Press: ? - help, Q - select action, (/) - cycle Shift-Dir - straight line, f - orc knight
Aim: an orc knight, wielding a +0 trident and wearing a +0 scale mail (heavily wounded, poisoned, slow, 50% to hit)
You throw a poisoned dart. The poisoned dart hits the orc knight.
The orc knight looks even sicker.
The orc knight is heavily wounded.
The orc knight is no longer moving slowly.
Throw: 4 darts (curare)
Press: ? - help, Q - select action, (/) - cycle Shift-Dir - straight line, f/p - orc knight
Aim: an orc knight, wielding a +0 trident and wearing a +0 scale mail (heavily wounded, very poisoned, 50% to hit)
You throw a curare-tipped dart.
The curare-tipped dart closely misses the orc knight.
Throw: 3 darts (curare)
Press: ? - help, Q - select action, (/) - cycle Shift-Dir - straight line, f/p - orc knight
Aim: an orc knight, wielding a +0 trident and wearing a +0 scale mail (heavily wounded, very poisoned, 50% to hit)
You throw a curare-tipped dart.
The curare-tipped dart closely misses the orc knight.
It was a potion of ambrosia.
You are confused.
You feel invigorated.
The orc knight looks more healthy.
The orc knight completely misses you.
You bump into the stone wall.
The orc knight roars a battlecry!
The orc knight goes into a battle-frenzy!
The orc knight hits you from afar with a +0 trident!!!
Ouch! That really hurt!
You die...

.≈≈≈...#########...≈≈≈.≈≈......#
......##(......##......).......#
.....##..#'#'#..##.....))......#
.....#..##.#.##o.#.............#
....##(#########.##............#
....##.')#:.?#.'.##............#
....##o###.8.###o##............#
....##(')#o..#)'.##............#
....##o####o####@##............#
.....#..##o.∩##..##............#
.....##..#'''##................#
......##.....##................#
.≈≈≈...##....##....≈≈≈.≈≈......#
.##≈....#######....≈##.#≈≈.....#
.∩#≈...............≈#∩)##≈.....#
.)).....................#≈.....#
.##≈)..............≈##.##≈.....#


You could see 2 orc knights.

Vanquished Creatures
  Joseph (D:7)
  A steam dragon (D:8)
  A wyvern (D:7)
  Menkaure (D:7)
  An ice beast (D:6)
  7 orc warriors (Bailey)
  A black bear (D:2)
  2 ogres
  A centaur (D:7)
  A phantom (D:7)
  A gnoll sergeant (D:7)
  A bullfrog (D:7)
  2 scorpions (D:5)
  3 wights (D:7)
  A quasit (D:8)
  A gnoll bouda (D:4)
  6 hounds
  A jelly (D:6)
  Crazy Yiuf (D:7)
  A sleepcap (D:5)
  5 iguanas
  2 orc wizards (D:7)
  13 gnolls
  9 adders
  A shadow imp (D:8)
  5 white imps
  An ufetubus (D:7)
  A worm (D:4)
  3 dart slugs
  32 orcs
  6 ball pythons
  4 endoplasms
  9 goblins
  7 hobgoblins
  A quokka (D:1)
  4 bats
  4 frilled lizards
  5 kobolds
  A rat (D:2)
148 creatures vanquished.

Vanquished Creatures (others)
  A white imp (D:8)
1 creature vanquished.

Grand Total: 149 creatures vanquished

Notes
Turn   | Place    | Note
-------+----------+-------------------------------------------
     0 | D:1      | Esekla the Deep Elf Necromancer began the quest for the
                  | Orb.
     0 | D:1      | Reached XP level 1. HP: 10/10 MP: 6/6
   157 | D:2      | Reached skill level 5 in Necromancy
   333 | D:4      | Found a radiant altar of Vehumet.
   344 | D:4      | Found an iron altar of Okawaru.
   355 | D:4      | Found a glowing silver altar of Zin.
   436 | D:4      | Became a worshipper of Vehumet
   668 | D:3      | Reached XP level 2. HP: 15/15 MP: 8/8
   914 | D:4      | Found Ponaysk's Antique Weapon Boutique.
  1086 | D:3      | Identified the +5 rapier of the Hero {heavy, rN+ Dex+3}
  1103 | D:2      | Found Renulab's Jewellery Shop.
  1263 | D:1      | Reached XP level 3. HP: 17/19 MP: 9/9
  1267 | D:1      | Learned a level 3 spell: Vampiric Draining
  1691 | D:2      | Found a faded altar of an unknown god.
  1722 | D:2      | Reached skill level 1 in Short Blades
  1722 | D:2      | Reached XP level 4. HP: 24/24 MP: 4/11
  1795 | D:2      | Noticed a black bear
  2085 | D:3      | Found a stormy altar of Qazlal.
  2110 | D:3      | Found a hazy altar of Hepliaklqana.
  2110 | D:3      | Found a bloodstained altar of Trog.
  2291 | D:3      | Reached * piety under Vehumet
  2291 | D:3      | Offered knowledge of Foxfire by Vehumet.
  2301 | D:3      | Learned a level 3 spell: Teleport Other
  2303 | D:3      | Learned a level 1 spell: Foxfire
  2640 | D:5      | Entered Level 5 of the Dungeon
  2655 | D:5      | Reached XP level 5. HP: 28/28 MP: 9/13
  2851 | D:5      | Got the Parchment of the Lumpy Olives
  3094 | D:5      | Reached XP level 6. HP: 32/32 MP: 10/14
  3111 | D:5      | Reached skill level 1 in Translocations
  3142 | D:5      | Found a shadowy altar of Dithmenos.
  3243 | D:4      | Found a glowing golden altar of the Shining One.
  3637 | D:6      | Noticed an ice beast
  3659 | D:6      | Killed an ice beast
  3660 | D:6      | Reached skill level 1 in Throwing
  3660 | D:6      | Reached XP level 7. HP: 6/36 MP: 4/16
  3816 | D:6      | Noticed Blork the orc
  3865 | D:6      | Reached skill level 5 in Spellcasting
  4342 | D:2      | Offered knowledge of Shock by Vehumet.
  4349 | D:2      | Learned a level 1 spell: Shock
  4732 | D:6      | Found a staircase to the Ecumenical Temple.
  4834 | D:6      | Reached XP level 8. HP: 41/41 MP: 19/19
  4871 | D:6      | Noticed Pikel
  4960 | D:7      | Found a runed translucent door.
  4961 | D:7      | Noticed Crazy Yiuf
  4977 | D:7      | Reached ** piety under Vehumet
  5033 | D:7      | Killed Crazy Yiuf
  5147 | D:7      | Noticed Menkaure
  5151 | D:7      | Killed Menkaure
  5152 | D:7      | Reached skill level 1 in Air Magic
  5189 | D:8      | Noticed a two-headed ogre
  5441 | D:8      | Reached skill level 5 in Dodging
  6026 | D:7      | Reached XP level 9. HP: 27/45 MP: 20/23
  6039 | D:7      | Noticed Joseph
  6053 | D:7      | Killed Joseph
  6443 | D:9      | Found a flagged portal.
  6460 | Bailey   | Entered a bailey
  6522 | Bailey   | Offered knowledge of Volatile Blastmotes by Vehumet.
  6580 | Bailey   | Reached skill level 5 in Stealth
  6587 | Bailey   | Reached skill level 5 in Short Blades
  6717 | Bailey   | Identified the +2 bardiche of Puhoisos {heavy, rElec
                  | Stlth+}
  6900 | Bailey   | Noticed an orc knight
  6900 | Bailey   | Noticed an orc knight
  6934 | Bailey   | Slain by an orc knight

Illustrated notes

Levels and vault maps discovered:
D:1:      sevenhm_arrival_forest_fort_small_3, layout_rooms,
          chequers_serial_rivers_room_b, minmay_misc_feat_five
D:2:      layout_loops_ring, dreamdust_ecumenical_altar_angels_and_demons,
          serial_shops, shop
D:3:      layout_basic, grunt_temple_overflow_open, minmay_misc_feat_iff
D:4:      layout_basic, nicolae_overflow_quartered_altars, serial_shops,
          nicolae_diamond_shop
D:5:      layout_loops_ring, lemuel_doored_altar, minmay_misc_feat_rows,
          dreamdust_wishing_well
D:6:      layout_loops_cross, fedhas_altar_fruit_tree,
          minmay_temple_entry_glass, uniq_pikel, uniq_blork_the_orc
D:7:      layout_basic, uniq_menkaure, uniq_joseph, uniq_crazy_yiuf_cottage
D:8:      layout_basic, nicolae_uskayaw_dance_hall, serial_demonic,
          serial_demonic_d, serial_demonic_a, serial_demonic_c,
          serial_demonic_c, nicolae_diode_quadrants
D:9:      layout_irregular_city, kennysheep_little_box, enter_bailey_4,
          minmay_between, uniq_harold
Bailey:   bailey_polearm_2, bailey

Skill      XL: |  1  2  3  4  5  6  7  8  9 |
---------------+----------------------------+-----
Necromancy     | 5 6 7 8 9 |  9.4
Dodging        | 3 4 5 6 |  6.1
Stealth        | 3 4 5 |  5.1
Short Blades   | 1 2 3 4 5 |  5.1
Spellcasting   | 4 6 8 9 |  9.5
Translocations | 1 2 3 |  3.8
Throwing       | 1 |  1.2
Air Magic      | 2 3 |  3.0
Long Blades    | |  0.4
Evocations     | |  0.3

Action                     |  1- 3 |  4- 6 |  7- 9 || total
---------------------------+-------+-------+-------++-------
  Melee: Short sword       |    53 |       |       ||    53
         Unarmed           |     9 |       |       ||     9
         Punch             |     1 |     1 |     1 ||     3
         Rapier            |    38 |     7 |    55 ||   100
         Dagger            |     1 |   133 |   156 ||   290
         Great sword       |       |       |    10 ||    10
  Throw: Dart              |     4 |    18 |    19 ||    41
   Cast: Vampiric Draining |     2 |    16 |    75 ||    93
         Teleport Other    |       |       |     1 ||     1
  Evoke: Wand              |       |       |    10 ||    10
    Use: Scroll            |       |     1 |    10 ||    11
         Potion            |       |       |     4 ||     4
   Stab: Sleeping          |     8 |     8 |     7 ||    23
 Armour: Robe              |    22 |    21 |    68 ||   111
  Dodge: Dodged            |    72 |    76 |   266 ||   414
